 Dungeon Crawl Stone Soup version 0.19-b1-5-gdc9fa9d (webtiles) character file.

56225 varam the Bludgeoner (level 14, -3/75 HPs)
             Began as a Gargoyle Fighter on Oct 31, 2016.
             Was a High Priest of Okawaru.
             Killed by divine providence
             ... invoked by a meliai
              (16 damage)
             ... on level 13 of the Dungeon.
             The game lasted 01:12:53 (21985 turns).

varam the Bludgeoner (Gargoyle Fighter)            Turns: 21985, Time: 01:12:53

Health: -3/75      AC: 36    Str: 18    XL:     14   Next: 80%
Magic:  12/18      EV: 13    Int: 14    God:    Okawaru [*****.]
Gold:   1632       SH: 13    Dex: 12    Spells: 1 memorised, 10 levels left

rFire  + . .     SeeInvis +     m - +4 morningstar (drain)
rCold  . . .     Gourm    .     y - +3 ring mail
rNeg   + . .     Faith    .     c - +0 shield
rPois  ∞         Spirit   .     a - +1 helmet {Int+3}
rElec  +         Reflect  .     s - +2 cloak
rCorr  .         Harm     .     R - +2 pair of gloves {archery}
MR     +....                    I - +2 pair of boots "Barr" {Slay+5}
Stlth  ++........               (no amulet)
                                n - ring of see invisible
                                K - ring of protection from fire

@: heroism, finesse, flying
A: big wings, hooves 1, molten scales 1, deterioration 1, frail 2, negative
energy resistance 1, electricity resistance, weak 1, unbreathing, petrification
resistance, rot immunity, AC +9
a: Stop Flying, Heroism, Finesse, Renounce Religion


You were on level 13 of the Dungeon.
You worshipped Okawaru.
Okawaru was extremely pleased with you.
You were hungry.

You visited 4 branches of the dungeon, and saw 22 of its levels.

You collected 1957 gold pieces.
You spent 325 gold pieces at shops.

Inventory:

Hand Weapons
 m - a +4 morningstar of draining (weapon)
 v - the +6 hand crossbow of Plunder {penet, rF+ MP+9 Int+2 Dex+4}
   (You acquired it on level 8 of the Dungeon)

   Ammo fired by it will pass through the targets it hits, potentially hitting
   all targets in its path until it reaches maximum range.
   It affects your intelligence (+2).
   It affects your dexterity (+4).
   It protects you from fire.
   It affects your magic capacity (+9).
 w - a +1 morningstar of holy wrath
Missiles
 b - 8 bolts
 i - 2 throwing nets (quivered)
Armour
 a - a +1 helmet of intelligence (worn)
 c - a +0 shield (worn)
 s - a +2 cloak (worn)
 y - a +3 ring mail (worn)
 I - the +2 pair of boots "Barr" (worn) {Slay+5}
   (Okawaru gifted it to you on level 3 of the Lair of Beasts)

   It affects your accuracy and damage with ranged weapons and melee attacks
   (+5).
 R - a +2 pair of gloves of archery (worn)
Jewellery
 h - a +4 ring of strength
 k - an uncursed ring of protection from fire
 n - a ring of see invisible (right hand)
 K - a ring of protection from fire (left hand)
Wands
 j - a wand of heal wounds (0/9)
 E - a wand of confusion (7/48)
 M - a wand of disintegration (10/24)
 S - a wand of digging (9/24)
Scrolls
 l - a scroll of magic mapping
 r - 5 scrolls of remove curse
 x - a scroll of blinking
 F - 6 scrolls of teleportation
 G - 4 scrolls of fear
Potions
 d - 7 potions of might
 e - 2 potions of flight {unknown}
 g - 5 potions of curing
 o - a potion of degeneration {unknown}
 p - a potion of haste {unknown}
 z - 5 potions of heal wounds
Comestibles
 f - a bread ration
 B - 2 beef jerkies
 N - 3 meat rations
 P - 4 fruits


   Skills:
 - Level 13.4(18.4) Fighting
 - Level 16.0(21.0) Maces & Flails
 + Level 9.9(14.9) Crossbows
 - Level 8.6(13.6) Armour
 - Level 0.8(5.8) Stealth
 - Level 9.0(14.0) Shields
 - Level 6.0 Invocations


You had 10 spell levels left.
You knew the following spells:

 Your Spells              Type           Power        Failure   Level  Hunger
a - Lesser Beckoning      Tloc           #.........   97%         3    ####...


Dungeon Overview and Level Annotations

Branches:
Dungeon (14/15)            Temple (1/1) D:6            Lair (6/6) D:8
 Shoals (0/4) Lair:3       Spider (0/4) Lair:2        Slime (0/5) Lair:5
    Orc (2/2) D:9             Elf (0/3) Orc:2
 Vaults: D:13-14

Altars:
Ashenzari
Cheibriados
Dithmenos
Elyvilon
Fedhas
Gozag
Hepliaklqana
Kikubaaqudgha
Makhleb
Nemelex Xobeh
Okawaru
Qazlal
Ru
Sif Muna
Trog
Yredelemnul
Zin
The Shining One
Beogh
Jiyva

Shops:
D:5 :   D:10 :   Orc:2 %(*[

Annotations:
Lair:5 exclusion: oklob plant


Innate Abilities, Weirdness & Mutations

You are resistant to torment.
Your stone body is resilient. (AC +9)
You are immune to poison.
Your large and strong wings let you fly indefinitely.
You resist negative energy. (rN+)
You are resistant to electric shocks. (rElec)
You can survive without breathing.
You are immune to petrification.
You are immune to rotting.
You have large cloven feet.
You are partially covered in molten scales. (AC +2)
Your body sometimes deteriorates upon taking damage.
You are very frail. (-20% HP)
You are weak. (Str -2)


Message History

You bludgeon the meliai!!
You kill the meliai!
Okawaru accepts your kill. You block the wyvern zombie's attack.
The meliai mumbles some strange prayers to its god against you.
Something smites you!
* * * LOW HITPOINT WARNING * * *
You barely miss the meliai.
You block the wyvern zombie's attack. 2 slime creatures come into view.
The slime creature quivers. x2
You impale the meliai!!
The meliai is almost dead.
You block the meliai's attack.
The meliai stings you but does no damage.
You stick the meliai like a pincushion!!!
You kill the meliai!
Okawaru accepts your kill.
The meliai mumbles some strange prayers to its god against you.
Something smites you!
You die...

......# ####
#######....# .....
......#....# ....J
......#....########....J
.>....#.................
......#............J....
......#.........yJ......
##'####...###'##Z).J....
..........#....#@#######
..........#.......<....#
..........#............+
..........#............#
##........#............#
+........#+############
.....(..... ..#######...
.. ..


You could see 5 slime creatures, a meliai and a wyvern zombie.

Vanquished Creatures
  An orc warlord (Orc:2)
  The ghost of appiemonkey the Fighter, a journeyman MiFi of Okawaru (Orc:1)
  Snorg (Lair:3)
  Harold (Lair:2)
  5 hydras
  2 death knights
  A dancing weapon (Orc:2)
  A centaur warrior (D:14)
  3 death yaks (Lair:6)
  The ghost of odei the Cleaver, a novice DsBe of Trog (Lair:1)
  5 orc high priests (Orc:2)
  A lindwurm (Lair:6)
  A cyclops (D:14)
  A wolf spider (Lair:3)
  An orc sorcerer (Orc:2)
  A centaur zombie (D:14)
  5 black mambas
  A torpor snail (Lair:6)
  5 spiny frogs
  3 rime drakes
  An efreet (D:14)
  6 komodo dragons
  4 trolls (Orc:2)
  A two-headed ogre (shapeshifter) (D:14)
  9 hornets
  2 meliai (D:13)
  2 two-headed ogres
  7 polar bears
  Grinder (D:3)
  A blink frog (shapeshifter) (D:14)
  14 dream sheep (Lair:6)
  A snapping turtle (Lair:3)
  3 hippogriffs
  14 blink frogs
  A redback (Lair:6)
  A shadow (D:8)
  A centaur simulacrum (D:14)
  12 spriggans (Lair:6)
  3 wyverns
  3 basilisks
  19 yaks
  Sigmund (D:3)
  A wraith (D:11)
  2 wargs (Orc:2)
  13 water moccasins
  8 porcupines
  4 black bears
  32 orc warriors
  An eye of draining (D:14)
  2 phantoms
  3 sky beasts
  2 ice beasts
  3 boggarts (Lair:6)
  21 wolves
  7 ogres
  17 crocodiles
  8 centaurs
  A big kobold (D:11)
  10 bullfrogs
  7 scorpions
  A water moccasin skeleton (D:9)
  12 wights
  An electric eel (Lair:1)
  9 crimson imps
  A howler monkey (D:9)
  A bullfrog zombie (D:8)
  A bullfrog skeleton (D:9)
  5 hounds
  3 jellies
  24 orc wizards
  19 orc priests
  4 centaur skeletons
  Ijyb (D:3)
  An iguana (D:8)
  16 worker ants
  2 hound zombies
  2 hound skeletons
  2 worker ant zombies
  4 gnolls (D:7)
  18 adders
  2 shadow imps
  3 oozes
  An adder skeleton (D:9)
  An adder zombie (D:7)
  3 worms
  3 dart slugs
  7 leopard geckos
  114 orcs
  4 giant cockroaches
  4 goblins
  9 hobgoblins
  9 jackals
  A quokka (D:3)
  9 bats
  2 frilled lizards (D:2)
  A giant cockroach zombie (D:5)
  13 kobolds
  A leopard gecko skeleton (D:4)
  A quokka skeleton (D:8)
  4 rats (D:2)
  9 plants (D:8)
618 creatures vanquished.

Vanquished Creatures (others)
  4 orcs (D:6)
  A bush (Lair:3)
  24 fungi
  21 plants
50 creatures vanquished.

Grand Total: 668 creatures vanquished

Notes
Turn   | Place    | Note
-------+----------+-------------------------------------------
     0 | D:1      | varam the Gargoyle Fighter began the quest for the Orb.
     0 | D:1      | Reached XP level 1. HP: 14/14 MP: 1/1
   408 | D:1      | Reached XP level 2. HP: 19/19 MP: 2/2
   629 | D:1      | Reached skill level 3 in Maces & Flails
   810 | D:2      | Reached XP level 3. HP: 20/23 MP: 3/3
  1086 | D:2      | Reached skill level 4 in Maces & Flails
  1319 | D:2      | Reached XP level 4. HP: 26/28 MP: 4/4
  1491 | D:3      | Noticed a bullfrog
  1505 | D:3      | Killed a bullfrog
  1505 | D:3      | Reached skill level 5 in Maces & Flails
  1505 | D:3      | Reached XP level 5. HP: 28/32 MP: 5/5
  1699 | D:3      | Found a deep blue altar of Sif Muna.
  1741 | D:3      | Noticed Sigmund
  1874 | D:3      | Killed Sigmund
  1874 | D:3      | Reached skill level 6 in Maces & Flails
  1874 | D:3      | Reached XP level 6. HP: 30/37 MP: 6/6
  1963 | D:3      | Noticed Grinder
  1991 | D:3      | Killed Grinder
  1991 | D:3      | Reached skill level 7 in Maces & Flails
  1991 | D:3      | Reached XP level 7. HP: 41/41 MP: 7/7
  2078 | D:3      | Noticed Ijyb
  2087 | D:3      | Killed Ijyb
  2341 | D:4      | Found a basalt altar of Yredelemnul.
  2375 | D:4      | Reached skill level 8 in Maces & Flails
  2977 | D:5      | Entered Level 5 of the Dungeon
  3041 | D:5      | Reached skill level 4 in Shields
  3041 | D:5      | Reached XP level 8. HP: 46/46 MP: 8/8
  3368 | D:5      | Found Hostraoc's Book Shoppe.
  3449 | D:5      | Reached skill level 9 in Maces & Flails
  3490 | D:5      | Reached skill level 5 in Shields
  4123 | D:6      | Reached skill level 4 in Fighting
  4347 | D:6      | Reached skill level 6 in Shields
  4464 | D:6      | Found a staircase to the Ecumenical Temple.
  4469 | D:6      | Reached XP level 9. HP: 52/52 MP: 9/9
  4476 | Temple   | Entered the Ecumenical Temple
  4580 | Temple   | Became a worshipper of Warmaster Okawaru
  4738 | D:6      | Found a stormy altar of Qazlal.
  4887 | D:7      | Found a bloodstained altar of Trog.
  5068 | D:7      | Reached skill level 5 in Fighting
  5068 | D:7      | Reached skill level 10 in Maces & Flails
  5447 | D:7      | Reached skill level 7 in Shields
  5535 | D:8      | Reached * piety under Okawaru
  5553 | D:8      | Reached skill level 6 in Fighting
  5666 | D:8      | Found a staircase to the Lair.
  5667 | D:8      | Noticed a komodo dragon
  5723 | D:8      | Found a runed door.
  5857 | D:8      | Found a runed door.
  5873 | D:8      | Killed a komodo dragon
  5903 | D:8      | Found a hazy altar of Hepliaklqana.
  5992 | D:8      | Found an opulent altar of Gozag.
  5993 | D:8      | Found a sparkling altar of Nemelex Xobeh.
  6058 | D:8      | Reached skill level 8 in Shields
  6646 | D:8      | Reached skill level 11 in Maces & Flails
  6646 | D:8      | Reached XP level 10. HP: 52/60 MP: 7/10
  6682 | D:8      | Reached ** piety under Okawaru
  6728 | D:8      | Learned a level 3 spell: Lesser Beckoning
  6839 | D:8      | Reached skill level 9 in Shields
  7162 | D:9      | Found a staircase to the Orcish Mines.
  7343 | D:9      | Found a glowing golden altar of the Shining One.
  7381 | D:9      | Reached skill level 4 in Armour
  7385 | D:9      | Found a snail-covered altar of Cheibriados.
  7467 | D:9      | Found a white marble altar of Elyvilon.
  7744 | D:9      | Reached skill level 5 in Armour
  8063 | D:10     | Entered Level 10 of the Dungeon
  8140 | D:10     | Reached *** piety under Okawaru
  8140 | D:10     | Reached skill level 12 in Maces & Flails
  8187 | D:10     | Found Qoh Jieff's Book Shop.
  8737 | D:10     | Reached skill level 6 in Armour
  8815 | D:10     | Reached XP level 11. HP: 42/64 MP: 11/11
  9078 | D:10     | Reached skill level 7 in Armour
  9183 | D:11     | Noticed an eight-headed hydra
  9255 | D:11     | Noticed a death knight
  9515 | Lair:1   | Entered Level 1 of the Lair of Beasts
  9623 | Lair:1   | You fall through a shaft!
  9961 | Lair:1   | Reached **** piety under Okawaru
  9984 | Lair:1   | Reached skill level 8 in Armour
 10001 | Lair:1   | Noticed odei's ghost (novice DsBe)
 10058 | Lair:2   | Reached skill level 13 in Maces & Flails
 10157 | Lair:1   | Killed odei's ghost
 10273 | Lair:1   | Got a smoking bone ring
 10441 | Lair:2   | Found a hole to the Spider Nest.
 10507 | Lair:2   | Noticed Harold
 10529 | Lair:2   | Killed Harold
 10529 | Lair:2   | Reached ***** piety under Okawaru
 10915 | Lair:2   | Reached skill level 7 in Fighting
 11525 | Lair:3   | Received a gift from Okawaru
 11528 | Lair:3   | Got a pair of jewelled boots {god gift}
 11539 | Lair:3   | Identified the +2 pair of boots "Barr" {Slay+5} (Okawaru gifted it to you on level 3 of the Lair of Beasts)
 11542 | Lair:3   | Noticed Snorg
 11562 | Lair:3   | Killed Snorg
 11562 | Lair:3   | Reached skill level 8 in Fighting
 11675 | Lair:3   | Reached XP level 12. HP: 53/74 MP: 12/12
 11696 | Lair:3   | Reached skill level 14 in Maces & Flails
 12223 | Lair:3   | Reached skill level 9 in Fighting
 12228 | Lair:3   | Identified the ring of Xom's Wantonness {+Fly Str+4} (You found it on level 1 of the Lair of Beasts)
 12951 | Lair:3   | Found a staircase to the Shoals.
 13169 | Lair:4   | Reached skill level 10 in Fighting
 13193 | Lair:4   | Noticed a six-headed hydra
 13208 | Lair:4   | Killed a six-headed hydra
 13512 | Lair:4   | Noticed a six-headed hydra
 13529 | Lair:4   | Killed a six-headed hydra
 13529 | Lair:4   | Reached skill level 15 in Maces & Flails
 14131 | Lair:4   | HP: 2/77 [komodo dragon (20)]
 14799 | Lair:5   | Received a gift from Okawaru
 14889 | Lair:5   | Noticed a five-headed hydra
 14909 | Lair:5   | Killed a five-headed hydra
 14909 | Lair:5   | Reached XP level 13. HP: 62/82 MP: 10/13
 14915 | Lair:5   | Reached skill level 16 in Maces & Flails
 14960 | Lair:5   | Reached skill level 1 in Invocations
 15100 | Lair:5   | Found a viscous altar of Jiyva.
 15100 | Lair:5   | Found a staircase to the Slime Pits.
 15305 | Lair:5   | Reached skill level 2 in Invocations
 15563 | Lair:6   | Entered Level 6 of the Lair of Beasts
 15572 | Lair:5   | Reached skill level 3 in Invocations
 15610 | Lair:5   | Reached skill level 4 in Invocations
 15816 | Lair:6   | Reached skill level 5 in Invocations
 16121 | Lair:6   | Reached skill level 6 in Invocations
 16197 | Lair:6   | Received a gift from Okawaru
 16292 | Lair:6   | Reached skill level 11 in Fighting
 16393 | Lair:6   | Received a gift from Okawaru
 16665 | Lair:6   | Reached skill level 12 in Fighting
 17158 | Lair:6   | Reached skill level 13 in Fighting
 17519 | Lair:5   | Gained mutation: Your large and strong wings let you fly indefinitely. [Gargoyle growth]
 17519 | Lair:5   | Reached XP level 14. HP: 94/94 MP: 18/18
 17645 | D:8      | Identified a scroll of acquirement
 17650 | D:8      | Got a polished hand crossbow
 17651 | D:8      | Identified the +6 hand crossbow of Plunder {penet, rF+ MP+9 Int+2 Dex+4} (You acquired it on level 8 of the Dungeon)
 17748 | Orc:1    | Entered Level 1 of the Orcish Mines
 17748 | Orc:1    | Noticed appiemonkey's ghost (journeyman MiFi)
 17768 | Orc:1    | Killed appiemonkey's ghost
 17768 | Orc:1    | Reached skill level 2 in Crossbows
 18031 | Orc:2    | Entered Level 2 of the Orcish Mines
 18193 | Orc:2    | Reached skill level 3 in Crossbows
 18278 | Orc:2    | Found a roughly hewn altar of Beogh.
 18384 | Orc:2    | Found a roughly hewn altar of Beogh.
 18385 | Orc:2    | Found Lesaosil's General Store.
 18394 | Orc:2    | Reached skill level 4 in Crossbows
 18475 | Orc:2    | Noticed an orc warlord
 18566 | Orc:2    | Killed an orc warlord
 18566 | Orc:2    | Reached skill level 5 in Crossbows
 18665 | Orc:2    | Reached skill level 6 in Crossbows
 18669 | Orc:2    | Found Lapp's Antique Weapon Emporium.
 18670 | Orc:2    | Found a roughly hewn altar of Beogh.
 18673 | Orc:2    | Found Cikeusch's Antique Armour Shoppe.
 18953 | Orc:2    | Found a roughly hewn altar of Beogh.
 19050 | Orc:2    | Received a gift from Okawaru
 19229 | Orc:2    | Found a roughly hewn altar of Beogh.
 19328 | Orc:2    | Found a staircase to the Elven Halls.
 19358 | Orc:2    | Reached skill level 7 in Crossbows
 19485 | Orc:2    | Found a roughly hewn altar of Beogh.
 19486 | Orc:2    | Found Ejulo's Food Emporium.
 20050 | Orc:2    | Bought a shiny helmet for 325 gold pieces
 20404 | D:11     | Reached skill level 8 in Crossbows
 20586 | D:11     | Gained mutation: Your body sometimes deteriorates upon taking damage. [mutagenic meat]
 20587 | D:11     | Gained mutation: You are partially covered in molten scales. (AC +2) [mutagenic meat]
 20963 | D:11     | Gained mutation: You are frail. (-10% HP) [mutagenic meat]
 20964 | D:11     | Gained mutation: You are very frail. (-20% HP) [mutagenic meat]
 20990 | D:11     | You are sucked into a shaft for 3 floors!
 21072 | D:14     | Found a blossoming altar of Fedhas.
 21156 | D:14     | Gained mutation: You are weak. (Str -2) [mutagenic meat]
 21157 | D:14     | Gained mutation: You have large cloven feet. [mutagenic meat]
 21190 | D:14     | Reached skill level 9 in Crossbows
 21676 | D:14     | Received a gift from Okawaru
 21985 | D:13     | Killed from afar by a meliai

Skill      XL: |  1  2  3  4  5  6  7  8  9 10 11 12 13 14 |
---------------+-------------------------------------------+-----
Maces & Flails | 3 4 5 6 7 8 9 11 12 13 15 16 | 16.0
Shields        | 4 6 8 9 |  9.0
Fighting       | 4 6 8 10 13 | 13.4
Armour         | 6 8 |  8.6
Invocations    | 6 |  6.0
Crossbows      | 9 |  9.9
Stealth        | |  0.8

Action                   |  1- 3 |  4- 6 |  7- 9 | 10-12 | 13-15 || total
-------------------------+-------+-------+-------+-------+-------++-------
Melee: Flail             |   113 |   113 |   252 |   865 |       ||  1343
       Morningstar       |       |       |   204 |   297 |   955 ||  1456
       Whip              |       |       |       |       |    13 ||    13
Throw: Throwing net      |       |       |       |       |     1 ||     1
Invok: Heroism           |       |       |     4 |    21 |    23 ||    48
       Finesse           |       |       |       |       |     4 ||     4
 Abil: Fly               |       |       |       |       |     1 ||     1
Evoke: Wand              |       |       |       |     5 |     3 ||     8
  Use: Scroll            |       |     2 |     7 |     6 |     5 ||    20
  Eat: Chunk             |     1 |     3 |    15 |    27 |    24 ||    70
       Bread ration      |       |       |       |       |     1 ||     1
       Pizza             |       |       |       |       |     1 ||     1
Armor: Scale mail        |    51 |    67 |    10 |       |       ||   128
       Plate armour      |       |     4 |       |       |       ||     4
       Ring mail         |       |       |   197 |   424 |   385 ||  1006
Dodge: Dodged            |    37 |    34 |   149 |   295 |   268 ||   783
Block: Shield            |    68 |    61 |   236 |   581 |   465 ||  1411
